AoeStats
← Baladin

Black Forest

509583216Analyzed
4v4 RM · 6d ago on Sep 27, 2026· 45m 44s· 8 players
Game mode
Random Map
Map size
Large (8 player)
Population
200
Speed
Normal
Resources
Standard
Victory
Conquest
Starting age
Dark Age
Ending age
Imperial Age
RankedLock teamsTeams togetherTeam positionsShared explorationLock speedFull tech treeHidden civsTurbo modeCheats
Victory
Defeat
🇫🇷 Teutons · France
1397
+13
🇬🇪 Bohemians · Georgia
1396
+13
🇨🇳 Mongols · China
1339
+16
🇫🇷 Franks · France
1336
+16
🇭🇰 Persians · Hong Kong SAR China
1393
-16
🇹🇼 Danes · Taiwan
1340
-15
🇨🇳 Italians · China
1322
-14
🇨🇳 Mongols · China
1295
-13
Baladin
0:31 Loom
12:22 Feudal Age
17:47 Castle Age
16:03 Double-Bit Axe
22:45 Wheelbarrow
26:22 Scale Barding Armor
26:42 Husbandry
32:20 Imperial Age
30:31 Chain Barding Armor
32:10 Forging
32:16 Bow Saw
32:25 Cavalier
35:03 Iron Casting
34:25 Paladin
35:22 Caravan
35:20 Cranequins
36:41 Light Cavalry
36:48 Ordonnance Companies
38:52 Blast Furnace
39:03 Hand Cart
42:51 Fletching
43:37 Plate Barding Armor
44:17 Bodkin Arrow
Pawo
10:57 Feudal Age
11:36 Double-Bit Axe
12:03 Horse Collar
14:31 Castle Age
15:38 Bow Saw
15:30 Heavy Plow
16:29 Loom
21:29 Wheelbarrow
21:09 Fervor
24:18 Hand Cart
25:05 Chemistry
24:14 Fletching
24:24 Padded Archer Armor
28:39 Imperial Age
26:59 Leather Archer Armor
27:42 Bodkin Arrow
28:10 Ballistics
28:43 Masonry
28:06 Elite Skirmisher
29:23 Bracer
29:33 Siege Engineers
30:44 Ring Archer Armor
31:53 Two-Man Saw
31:18 Town Watch
31:08 Houfnice
32:19 Forging
32:09 Scale Mail Armor
31:30 Pikeman
32:11 Squires
31:56 Arson
33:22 Architecture
33:21 Halberdier
35:04 Town Patrol
35:41 Iron Casting
35:21 Chain Mail Armor
36:16 Murder Holes
36:31 Fortified Wall
37:23 Blast Furnace
38:14 Wagenburg Tactics
38:29 Conscription
40:12 Caravan
43:26 Plate Mail Armor
45:48 Coinage
45:28 Guilds
46:08 Hussite Reforms
Rocgash
0:49 Loom
12:39 Feudal Age
13:35 Double-Bit Axe
17:44 Horse Collar
20:20 Castle Age
18:55 Fletching
21:29 Town Watch
22:20 Bodkin Arrow
27:11 Forging
28:18 Squires
28:07 Arson
28:58 Iron Casting
28:30 Gold Mining
28:43 Heavy Plow
29:20 Wheelbarrow
30:30 Scale Mail Armor
32:00 Chain Mail Armor
34:45 Masonry
35:29 Squires
38:29 Imperial Age
38:37 Scale Barding Armor
38:36 Cavalier
39:27 Bloodlines
43:14 Chain Barding Armor
46:23 Plate Barding Armor
47:01 Blast Furnace
很蓝的啦
9:39 Feudal Age
13:35 Castle Age
11:49 Double-Bit Axe
12:12 Horse Collar
16:03 Bow Saw
16:39 Stone Mining
20:00 Loom
22:44 Wheelbarrow
23:01 Heavy Plow
23:50 Stone Shaft Mining
24:03 Gold Mining
25:41 Gold Shaft Mining
25:14 Loom
25:15 Town Watch
26:15 Hand Cart
30:09 Imperial Age
28:34 Fletching
28:45 Padded Archer Armor
28:45 Herbal Medicine
28:55 Caravan
29:25 Coinage
29:19 Nomads
29:48 Bodkin Arrow
30:08 Leather Archer Armor
31:19 Conscription
31:04 Bracer
30:31 Light Cavalry
31:21 Bloodlines
31:13 Husbandry
31:40 Parthian Tactics
31:47 Ballistics
32:27 Chemistry
31:05 Capped Ram
33:10 Siege Ram
33:23 Elite Mangudai
37:48 Drill
37:56 Light Cavalry
38:41 Hussar
41:04 Forging
40:59 Scale Barding Armor
41:11 Onager
44:26 Iron Casting
44:11 Chain Barding Armor
popo770723
0:47 Loom
12:40 Feudal Age
20:41 Castle Age
18:41 Horse Collar
18:48 Double-Bit Axe
20:12 Stone Mining
21:30 Heavy Plow
31:55 Bow Saw
38:06 Wheelbarrow
45:03 Elite Skirmisher
白桃桃
9:34 Feudal Age
10:09 Double-Bit Axe
12:52 Wheelbarrow
15:10 Castle Age
12:56 Horse Collar
16:44 Bow Saw
19:54 Heavy Plow
21:30 Hand Cart
22:34 Fletching
23:07 Gold Mining
24:32 Gold Shaft Mining
23:49 Stone Mining
24:57 Bodkin Arrow
25:40 Stone Shaft Mining
25:49 Padded Archer Armor
26:28 Loom
26:30 Town Watch
26:49 Padded Archer Armor
27:05 Scale Barding Armor
29:59 Imperial Age
27:54 Ballistics
29:05 Leather Archer Armor
29:48 Caravan
31:14 Conscription
31:56 Hoardings
31:29 Bracer
31:44 Forging
31:46 Masonry
31:42 Siege Engineers
31:52 Husbandry
32:02 Bloodlines
32:23 Elite Steppe Lancer
33:34 Chain Barding Armor
33:49 Iron Casting
32:51 Onager
37:05 Blast Furnace
36:41 Conscription
36:24 Nomads
36:44 Drill
43:10 Elite Mangudai
43:35 Light Cavalry
44:30 Hussar
七七2025
9:26 Loom
11:54 Feudal Age
16:18 Castle Age
14:21 Double-Bit Axe
15:01 Horse Collar
18:02 Bow Saw
17:54 Heavy Plow
24:38 Wheelbarrow
23:59 Town Watch
26:10 Hand Cart
25:46 Fletching
26:23 Bodkin Arrow
32:02 Imperial Age
30:16 Padded Archer Armor
30:32 Stone Mining
30:34 Gold Mining
32:00 Stone Shaft Mining
33:05 Leather Archer Armor
33:13 Ballistics
35:23 Chemistry
35:01 Conscription
36:52 Elite Genoese Crossbowman
EBE_3
7:03 Loom
11:13 Feudal Age
14:30 Castle Age
12:44 Double-Bit Axe
13:51 Horse Collar
16:14 Bow Saw
21:42 Wheelbarrow
23:03 Hand Cart
24:02 Heavy Plow
25:36 Gold Mining
28:59 Imperial Age
27:20 Fletching
28:19 Bodkin Arrow
29:13 Gold Shaft Mining
30:30 Chemistry
30:32 Two-Man Saw
30:02 Crop Rotation
29:23 Stone Mining
29:56 Conscription
29:54 Padded Archer Armor
32:43 Stone Shaft Mining
33:06 Thumb Ring
33:45 Coinage
33:25 Guilds
33:12 Murder Holes
33:27 Masonry
33:47 Scale Barding Armor
34:32 Elite Skirmisher
35:32 Leather Archer Armor
36:24 Banking
35:54 Caravan
36:54 Ballistics
37:04 Architecture
37:06 Husbandry
37:17 Bloodlines
36:27 Cavalier
36:44 Light Cavalry
38:12 Bloodlines
37:34 Cavalier
37:37 Hussar
39:16 Ring Archer Armor
43:45 Chain Barding Armor
43:36 Forging
45:43 Plate Barding Armor
Connection lost

Rejoining the realm…

Still unreachable

The connection could not be restored.

Session expired

The server has moved on; the page needs a fresh start.